 Dungeon Crawl Stone Soup version 0.32-a0-422-g28b100f618 (webtiles) character file.

Game seed: 5939738787600066095

25 dialectric the Sneak (level 3, -2/24 HPs)
             Began as an Octopode Brigand on Feb 21, 2024.
             Slain by a jackal (3 damage)
             ... on level 2 of the Dungeon.
             The game lasted 00:00:36 (702 turns).

dialectric the Sneak (Octopode Brigand)              Turns: 702, Time: 00:00:37

Health: -2/24      AC:  1    Str: 10    XL:     3   Next: 4%
Magic:  3/3        EV: 13    Int: 13    God:
Gold:   54         SH:  0    Dex: 15    Spells: 2/2 levels left

rFire   . . .        a - +2 dagger
rCold   . . .        (no shield)
rNeg    . . .        (helmet restricted)
rPois   .            (no amulet)
rElec   .            (no ring)
rCorr   .            (no ring)
SInv    .            (no ring)
Will    .....        (no ring)
Stlth   ++++         (no ring)
HPRegen 0.24/turn    (no ring)
MPRegen 0.08/turn    (no ring)
                     (no ring)

%: no passive effects
@: no status effects
A: almost no armour, amphibious, 8 rings, camouflage 1, gelatinous body 1,
(nimble swimmer 1), tentacles
a: no special abilities


You were on level 2 of the Dungeon.
You visited 1 branch of the dungeon, and saw 2 of its levels.

You collected 54 gold pieces.

Inventory:

Hand Weapons
 a - a +2 dagger (weapon)
Missiles
 b - 12 poisoned darts (quivered)
 c - 3 curare-tipped darts
Scrolls
 f - a scroll of noise {unknown}
 j - a scroll of fog {unknown}
Potions
 d - a potion of berserk rage {unknown}
 e - a potion of haste {unknown}
 g - a potion of cancellation {unknown}
 h - a potion of invisibility {unknown}
 i - a potion of might {unknown}


   Skills:
 + Level 2.2 Fighting
 + Level 2.3 Short Blades
 + Level 2.3 Throwing
 + Level 1.4 Dodging
 * Level 5.7 Stealth


You had 2 spell levels left.
You didn't know any spells.
Your spell library was empty.

Dungeon Overview and Level Annotations

Branches:
Dungeon (2/15)

Altars:


Innate Abilities, Weirdness & Mutations

You cannot wear most types of armour.
You are amphibious.
You can wear up to eight rings at the same time.
Your skin changes colour to match your surroundings (Stealth+).
Your rubbery body absorbs attacks. (AC +1, EV +1)
((You are camouflaged when in or above water. (Stealth+)))
You have tentacles for arms and can constrict up to eight enemies at once.


Message History

Unknown command.
You hit the ribbon worm. You grab the ribbon worm.
The ribbon worm is lightly wounded.
You constrict the ribbon worm. The ribbon worm bites you.
You are too injured to fight recklessly!
Unknown command.
You are too injured to fight recklessly!
Unknown command.
Unknown command.
You hit the ribbon worm.
The ribbon worm is moderately wounded.
You constrict the ribbon worm. The jackal bites you.
* * * LOW HITPOINT WARNING * * *
The jackal barely misses you.
You hit the ribbon worm.
The ribbon worm is heavily wounded.
You constrict the ribbon worm, but do no damage.
The ribbon worm barely misses you. The jackal bites you.
* * * LOW HITPOINT WARNING * * *
Unknown command.
You hit the ribbon worm.
The ribbon worm is severely wounded.
You constrict the ribbon worm, but do no damage.
The jackal barely misses you. The ribbon worm misses you.
Unknown command.
You hit the ribbon worm.
You kill the ribbon worm!
The jackal barely misses you.
You have reached level 3!
Your experience leads to an increase in your attributes!
Increase (S)trength, (I)ntelligence, or (D)exterity?
You feel agile. x2
You closely miss the jackal. You grab the jackal. You constrict the jackal.
The jackal bites you.
* * * LOW HITPOINT WARNING * * *
The jackal barely misses you.
You hit the jackal but do no damage. Your squeeze misses the jackal.
The jackal is moderately wounded.
You constrict the jackal. The jackal bites you.
You die...

### ##### #.. ...#
#.#####.####### ##
#.##..........###.
#@...##.##.....##.
#h.####.##........
#..# #.##........
#(.. ..###...###.
##.## ### ###.# #.
#.# #.# #. #.# ...
#. #.. ... .. ...
..


You could see a jackal.

Vanquished Creatures
  A dart slug (D:1)
  A ribbon worm (D:2)
  2 endoplasms (D:1)
  2 giant cockroaches (D:1)
  2 goblins (D:1)
  A jackal (D:2)
  A quokka (D:1)
  A rat (D:1)
11 creatures vanquished.

Notes
Turn   | Place    | Note
-------+----------+-------------------------------------------
     0 | D:1      | dialectric the Octopode Brigand began the quest for the
                  | Orb.
     0 | D:1      | Reached XP level 1. HP: 14/14 MP: 1/1
   160 | D:1      | Reached XP level 2. HP: 19/19 MP: 2/2
   218 | D:1      | Found a faded altar of an unknown god.
   701 | D:2      | Reached XP level 3. HP: 4/24 MP: 3/3
   701 | D:2      | HP: 1/24 [jackal (3)]
   702 | D:2      | Slain by a jackal

Illustrated notes

Levels and vault maps discovered:
D:1:      giann_wishing_wells, layout_basic,
          hellmonk_ecumenical_altar_heavens_door
D:2:      layout_loops_cross, minmay_misc_feat_ornament, uniq_natasha,
          uniq_sigmund

Action                     || total
---------------------------++-------
  Melee: Dagger            ||    25
         Constrict         ||     5
         Tentacles         ||     2
   Stab: Sleeping          ||     5
 Armour: Skin              ||    10
  Dodge: Dodged            ||    17

Table legend: (Time is in decaauts)
 A = Elapsed time spent in this place.
 B = Non-inter-level travel time spent in this place.
 C = Inter-level travel time spent in this place.
 D = Time resting spent in this place.
 E = Time spent auto-exploring this place.
 F = Levels seen in this place.
 G = Mean time per level.
                   A        B        C        D        E       F      G
               +--------+--------+--------+--------+--------+-----+--------+
         Total |    699 |    635 |     64 |      0 |    543 |   2 |  349.5 |
       Dungeon |    699 |    635 |     64 |      0 |    543 |   2 |  349.5 |
               +--------+--------+--------+--------+--------+-----+--------+

Top non-repeatable levels by time:
     D:1: 661 daAuts
     D:2: 38 daAuts
